 Dungeon Crawl Stone Soup version 0.17-a0-1718-g72dbe4d (console) character file.

21645 Monkaria the Spry (level 12, -2/99 HPs)
             Began as a Felid Berserker on Aug 26, 2015.
             Was a High Priest of Trog.
             Slain by a five-headed hydra (11 damage)
             ... on level 6 of the Lair of Beasts.
             The game lasted 00:44:05 (22516 turns).

Monkaria the Spry (Felid Berserker)                Turns: 22516, Time: 00:44:05

Health: -2/99      AC:  3    Str: 25    XL:     12   Next: 56%
Magic:  0/19       EV: 33    Int: 10    God:    Trog [*****.]
Gold:   566        SH:  0    Dex: 18    Spells: 0 memorised, 11 levels left
                                        Lives:  0   Deaths: 4

rFire  . . .     SeeInvis +       - Unarmed
rCold  + + .     Clarity  +     (armour unavailable)
rNeg   . . .     SustAt   .     (shield unavailable)
rPois  +         Gourm    .     (helmet unavailable)
rElec  .         Spirit   +     (cloak unavailable)
rCorr  .         Warding  .     (gloves unavailable)
rMut   .         Stasis   .     (boots unavailable)
MR     +++..                    Y - amulet of guardian spirit
Stlth  ..........               M - +4 ring of strength
                                r - ring of stealth

@: berserking, regenerating, very quick, extremely resistant to hostile
enchantments, extremely unstealthy
A: no armour, no weapons or thrown items, claws 1, fangs 3, see invisible, agile
1, carnivore 3, clarity, cold resistance 1, speed 1, poison resistance, robust
1, screaming 1, shaggy fur 3, slow metabolism 1, MP-powered wands, sharp paws
a: Burn Spellbooks, Berserk, Trog's Hand, Brothers in Arms, Renounce Religion


You were on level 6 of the Lair of Beasts.
You worshipped Trog.
Trog was extremely pleased with you.
You were not hungry.

You visited 3 branches of the dungeon, and saw 20 of its levels.
You also visited: Labyrinth.

You collected 876 gold pieces.
You spent 310 gold pieces at shops.

Inventory:

Jewellery
 k - an uncursed ring of flight
 q - an uncursed ring of positive energy
 r - a ring of stealth (left paw)
 t - an uncursed amulet of warding
 x - an uncursed ring of protection from magic
 y - an uncursed amulet of resist corrosion
 M - a +4 ring of strength (right paw)
 R - a +6 ring of intelligence
 Y - an amulet of guardian spirit (around neck)
Magical devices
 e - a wand of paralysis (9)
 l - a wand of fireball (14)
 n - a wand of flame (28)
 O - a wand of invisibility (1)
 P - a wand of polymorph (4)
 Q - a wand of draining (7)
 S - a wand of heal wounds (3)
 V - a wand of invisibility (5)
Scrolls
 c - a scroll of silence {unknown}
 d - a scroll of blinking
 f - 8 scrolls of remove curse
 g - 3 scrolls of magic mapping
 h - 5 scrolls of recharging
 o - a scroll of vulnerability {unknown}
 w - 7 scrolls of teleportation
 E - 4 scrolls of noise {unknown}
 F - 3 scrolls of fear {unknown}
 G - 2 scrolls of identify
 H - 4 scrolls of enchant armour {unknown}
 L - a scroll of holy word {unknown}
 N - 3 scrolls of fog {unknown}
 W - a scroll of acquirement {unknown}
Potions
 b - a potion of flight
 i - 2 potions of brilliance
 j - 6 potions of curing
 m - 2 potions of cancellation
 p - 2 potions of haste
 v - 3 potions of berserk rage
 z - 3 potions of invisibility
 A - a potion of magic {unknown}
 B - a potion of might
 C - 3 potions of lignification
 D - 3 potions of heal wounds {unknown}
 J - 2 potions of agility
 K - a potion of cure mutation {unknown}
Books
 s - a book of Flames

   Spells                             Type                      Level
   a - Flame Tongue                   Conjuration/Fire             1
   b - Throw Flame                    Conjuration/Fire             2
   c - Conjure Flame                  Conjuration/Fire             3
   d - Inner Flame                    Hexes/Fire                   3
   e - Sticky Flame                   Conjuration/Fire             4
   f - Fireball                       Conjuration/Fire             5
   Trog disapproves of the use of such an item.
 I - an Akashic Record

   Spells                             Type                      Level
   a - Dispersal                      Translocation                6
   b - Controlled Blink               Translocation                7
   c - Malign Gateway                 Summoning/Translocation      7
   d - Disjunction                    Translocation                8
   Trog disapproves of the use of such an item.
 T - a book of Envenomations

   Spells                             Type                      Level
   a - Spider Form                    Transmutation/Poison         3
   b - Alistair's Intoxication        Transmutation/Poison         4
   c - Olgreb's Toxic Radiance        Poison                       4
   d - Poisonous Cloud                Conjuration/Poison/Air       6
   Trog disapproves of the use of such an item.
 Z - a book of Death

   Spells                             Type                      Level
   a - Corpse Rot                     Necromancy                   2
   b - Sublimation of Blood           Necromancy                   2
   c - Agony                          Necromancy                   5
   d - Dispel Undead                  Necromancy                   5
   e - Excruciating Wounds            Charms/Necromancy            5
   f - Bolt of Draining               Conjuration/Necromancy       5
   Trog disapproves of the use of such an item.
Miscellaneous
 U - a lamp of fire
Comestibles
 a - 14 meat rations
 u - 2 beef jerkies
 X - a chunk of flesh


   Skills:
 - Level 11.1 Fighting
 + Level 16.7 Dodging
 - Level 16.2 Stealth
 - Level 10.1 Unarmed Combat
 - Level 9.2 Evocations


You had 11 spell levels left.
You didn't know any spells.

Dungeon Overview and Level Annotations

Branches:
Dungeon (13/15)            Temple (1/1) D:6            Lair (6/8) D:8
  Swamp (0/4) Lair:3       Spider (0/4) Lair:3          Orc (0/4) D:11
  Slime: Lair:6-8    Vaults: D:13-14

Altars:
Ashenzari
Cheibriados
Dithmenos
Elyvilon
Fedhas
Gozag
Kikubaaqudgha
Makhleb
Nemelex Xobeh
Okawaru
Qazlal
Ru
Sif Muna
Trog
Vehumet
Xom
Yredelemnul
Zin
The Shining One

Shops:
D:5 *:   D:7 [**   D:8 %   D:11 (


Innate Abilities, Weirdness & Mutations

You cannot wear armour.
You are incapable of wielding weapons or throwing items.
You have sharp claws.
You have razor-sharp teeth.
You have supernaturally acute eyesight.
You are carnivorous and can eat meat at any time.
You cover ground quickly.
Your thick and shaggy fur keeps you warm (AC +3, rC+).
You have a slow metabolism.
Your sharp claws are effective at attacking unaware monsters.
You are agile. (Dex +2)
You possess an exceptional clarity of mind.
Your flesh is cold resistant.
Your system is resistant to poisons.
You are robust (+10% HP).
You occasionally shout uncontrollably at your foes.
You expend magic power (3 MP) to strengthen your wands.


Message History

The five-headed hydra barely misses you.
The five-headed hydra completely misses you. x2
Unknown command.
Unknown command.
Unknown command.
Unknown command.
You barely miss the five-headed hydra.
The five-headed hydra is heavily wounded.
You mangle the five-headed hydra!!
The five-headed hydra is almost dead.
The five-headed hydra misses you.
The five-headed hydra completely misses you.
The five-headed hydra bites you!
* * * LOW HITPOINT WARNING * * *
The five-headed hydra completely misses you. x2
Unknown command.
You barely miss the five-headed hydra. You claw the five-headed hydra!
The five-headed hydra is almost dead.
The five-headed hydra bites you!
You die...

.. #### ...
#.#.### ###...#
#.....##P#..#.#
##.D....<...P$.
#...@..........
##.#.......... ..
.
##.......##......
.. ###....P.#
..... ..
#......##..P.. ..
#......#.........
##P.........#....
###........P...!
#...............


You could see a five-headed hydra.

Vanquished Creatures
  A minotaur (Lab)
  Josephine (D:9)
  A hydra (Lair:3)
  A centaur warrior (D:13)
  The ghost of demonpo the Cruncher, an experienced MiGl of Okawaru (D:10)
  The ghost of Oddball22 the Frost Mage, an experienced DrTm of Xom (D:7)
  2 unseen horrors (D:11)
  A hill giant (D:11)
  The ghost of Monkaria the Imperceptible, an experienced FeBe of Trog (D:11)
  A lindwurm (shapeshifter) (D:13)
  An orc knight (D:13)
  An oklob plant (D:6)
  2 ugly things (D:13)
  A manticore (D:13)
  A black mamba (Lair:1)
  7 spiny frogs
  4 komodo dragons
  A giant leech (Lair:3)
  A polar bear (Lair:5)
  3 trolls
  2 two-headed ogres
  Grinder (D:3)
  18 blink frogs
  Prince Ribbit (D:6)
  A trapdoor spider zombie (D:9)
  3 trapdoor spiders
  Sigmund (D:2)
  A shadow (D:13)
  3 wraiths
  8 hippogriffs
  A wyvern (D:10)
  A water elemental (D:13)
  3 deep elf magi
  46 yaks
  2 wargs (D:13)
  A basilisk (Lair:2)
  2 hungry ghosts (D:10)
  8 wolves
  A swamp worm (Lair:3)
  7 water moccasins
  14 porcupines
  4 black bears
  2 ice beasts
  5 sky beasts
  7 orc warriors
  9 ogres
  A wasp (D:10)
  2 phantoms
  10 centaurs
  8 crocodiles
  17 giant frogs
  A gnoll sergeant (D:8)
  4 big kobolds
  A brain worm (D:13)
  A water moccasin skeleton (D:7)
  2 spriggan skeletons (D:11)
  4 scorpions
  12 wights
  13 killer bees
  A troll skeleton (D:11)
  4 crimson imps
  An electric eel (D:13)
  5 jellies
  9 iguanas
  A centaur zombie (D:5)
  2 giant frog skeletons (D:6)
  Crazy Yiuf (D:3)
  Ijyb (D:3)
  6 hounds
  9 orc priests
  5 centaur skeletons
  6 orc wizards
  Jessica (D:2)
  Terence (D:3)
  2 killer bee zombies
  A statue (D:5)
  8 worker ants
  8 sheep (Lair:1)
  A worker ant zombie (D:7)
  12 gnolls
  12 adders
  16 river rats
  An ooze (D:1)
  3 worms
  7 giant geckos
  52 orcs
  5 bats
  6 giant cockroaches
  4 hobgoblins
  26 jackals
  4 quokkas
  A giant gecko skeleton (D:4)
  4 goblins
  A jackal skeleton (D:4)
  24 kobolds
  13 rats
525 creatures vanquished.

Vanquished Creatures (collateral kills)
  The ghost of Thronen the Fighter, a powerful FoFi of Okawaru (D:11)
  A hydra (D:13)
  7 slime creatures (D:13)
  A wraith (D:9)
  4 vampire mosquitoes (D:13)
  An ogre (D:13)
  A big kobold (D:13)
  A scorpion (D:13)
17 creatures vanquished.

Vanquished Creatures (others)
  A plant (Lair:2)
1 creature vanquished.

Grand Total: 543 creatures vanquished

Notes
Turn   | Place    | Note
--------------------------------------------------------------
     0 | D:1      | Monkaria the Felid Berserker began the quest for the Orb.
     0 | D:1      | Reached XP level 1. HP: 10/10 MP: 2/2
   260 | D:1      | Reached XP level 2. HP: 12/14 MP: 3/3
   751 | D:2      | Acquired Trog's second power
   812 | D:2      | Reached XP level 3. HP: 6/17 MP: 4/4
  1085 | D:2      | Noticed Sigmund
  1099 | D:2      | Killed Sigmund
  1099 | D:2      | Reached skill level 6 in Unarmed Combat
  1099 | D:2      | Reached XP level 4. HP: 21/21 MP: 5/5
  1099 | D:2      | Reached XP level 5. HP: 24/24 MP: 6/6
  1307 | D:2      | Reached skill level 1 in Stealth
  1404 | D:2      | Noticed Jessica
  1410 | D:2      | Killed Jessica
  1598 | D:3      | Noticed Grinder
  1612 | D:3      | Killed Grinder
  1612 | D:3      | Gained mutation: You are covered in thick fur (AC +2). [Felid growth]
  1612 | D:3      | Reached XP level 6. HP: 28/28 MP: 7/7
  1866 | D:3      | Noticed Crazy Yiuf
  1873 | D:3      | Killed Crazy Yiuf
  2084 | D:3      | Reached XP level 7. HP: 31/31 MP: 8/8
  2102 | D:3      | Reached skill level 7 in Stealth
  2142 | D:3      | Found an ancient bone altar of Kikubaaqudgha.
  2164 | D:3      | Found a blossoming altar of Fedhas.
  2324 | D:3      | Noticed Ijyb
  2331 | D:3      | Killed Ijyb
  2564 | D:3      | Noticed Terence
  2572 | D:3      | Killed Terence
  2572 | D:3      | Reached skill level 8 in Stealth
  3231 | D:4      | Reached skill level 9 in Stealth
  3293 | D:4      | Found a deep blue altar of Sif Muna.
  3461 | D:4      | Reached skill level 10 in Stealth
  3503 | D:4      | Found a stormy altar of Qazlal.
  3672 | D:4      | Reached XP level 8. HP: 34/34 MP: 9/9
  3930 | D:4      | You fall through a shaft!
  3930 | D:5      | Entered Level 5 of the Dungeon
  3958 | D:5      | Slain by an ogre
  3959 | D:5      | Reached XP level 7. HP: -3/31 MP: 8/8
  3979 | D:5      | Reached skill level 11 in Stealth
  4056 | D:5      | Acquired Trog's third power
  4214 | D:5      | Found an opulent altar of Gozag.
  4229 | D:5      | Found an iron altar of Okawaru.
  4335 | D:5      | Found Sorcheti's Assorted Antiques.
  4340 | D:5      | Bought a green potion for 27 gold pieces
  4340 | D:5      | Bought a sedimented puce potion for 27 gold pieces
  4340 | D:5      | Bought 3 purple potions for 83 gold pieces
  4340 | D:5      | Bought a scroll labeled UDALANK PAMM for 31 gold pieces
  4399 | D:5      | Found Fiwkowag's Book Shop.
  4446 | D:5      | Reached skill level 12 in Stealth
  4566 | D:5      | Found a radiant altar of Vehumet.
  4568 | D:5      | Reached XP level 8. HP: 34/34 MP: 9/9
  4651 | D:6      | Reached skill level 13 in Stealth
  4833 | D:6      | Found a snail-covered altar of Cheibriados.
  4833 | D:6      | Noticed an oklob plant
  5125 | D:6      | Killed an oklob plant
  5125 | D:6      | Reached skill level 14 in Stealth
  5257 | D:6      | Gained mutation: Your system is resistant to poisons. [mutagenic meat]
  5259 | D:6      | Gained mutation: Your spells are a little harder to cast, but a little more powerful. [mutagenic meat]
  5260 | D:6      | Gained mutation: You expend magic power (3 MP) to strengthen your wands. [mutagenic meat]
  5261 | D:6      | Gained mutation: You are weak. (Str -2) [mutagenic meat]
  5345 | D:6      | Found a shattered altar of Ashenzari.
  5489 | D:6      | Noticed Prince Ribbit
  5492 | D:6      | Reached skill level 15 in Stealth
  5492 | D:6      | Reached XP level 9. HP: 25/37 MP: 10/10
  5689 | D:6      | Killed Prince Ribbit
  6266 | D:6      | Found a staircase to the Ecumenical Temple.
  6393 | Temple   | Entered the Ecumenical Temple
  6530 | D:7      | Found a glowing silver altar of Zin.
  6577 | D:7      | Found Dumuup's General Store.
  6580 | D:7      | Bought a potion of mutation for 37 gold pieces
  6580 | D:7      | Gained mutation: You are agile. (Dex +2) [potion of mutation]
  6580 | D:7      | Gained mutation: Your flesh is cold resistant. [potion of mutation]
  6611 | D:7      | Reached skill level 16 in Stealth
  6630 | D:7      | Found Koychoil's General Store.
  6722 | D:7      | Found Ramuov's Antique Armour Shoppe.
  6946 | D:7      | Noticed Oddball22's ghost (experienced DrTm)
  6961 | D:8      | Found a staircase to the Lair.
  7381 | D:8      | Found Tibupoir's Food Shop.
  7984 | D:8      | Reached skill level 5 in Fighting
  8245 | D:8      | HP: 1/41 [boulder beetle (40)]
  8620 | D:7      | Killed Oddball22's ghost
  8620 | D:7      | Reached XP level 10. HP: 5/47 MP: 2/11
  8979 | D:7      | Gained mutation: You have an increased reservoir of magic (+10% MP). [mutagenic meat]
  8980 | D:7      | Gained mutation: You occasionally shout uncontrollably at your foes. [mutagenic meat]
  8981 | D:7      | Lost mutation: You are agile. (Dex +2) [mutagenic meat]
  9290 | D:7      | Bought a potion of agility for 60 gold pieces
  9290 | D:7      | Bought a potion of lignification for 45 gold pieces
  9982 | D:9      | Found a sparkling altar of Nemelex Xobeh.
 10271 | D:9      | Found a basalt altar of Yredelemnul.
 10445 | D:9      | You fall through a shaft for 2 floors!
 10460 | D:11     | Noticed a hill giant
 10461 | D:11     | Found a labyrinth entrance.
 10473 | D:11     | Killed a hill giant
 10508 | D:11     | Found Vyxe's Antique Weapon Shoppe.
 10535 | D:11     | Slain by a sky beast
 10536 | D:11     | Reached XP level 9. HP: -1/67 MP: 3/10
 10580 | D:11     | Noticed Thronen's ghost (powerful FoFi)
 10642 | D:11     | Gained mutation: You are agile. (Dex +2) [mutagenic meat]
 10643 | D:11     | Gained mutation: You are resistant to hostile enchantments. [mutagenic meat]
 10647 | Lab      | Entered a labyrinth
 10820 | Lab      | Noticed a minotaur
 10824 | Lab      | Killed a minotaur
 10824 | Lab      | Reached XP level 10. HP: 49/49 MP: 12/12
 10987 | D:11     | Lost mutation: You have an increased reservoir of magic (+10% MP). [mutagenic meat]
 11148 | D:11     | Found a staircase to the Orcish Mines.
 11300 | D:11     | HP: 1/49 [Thronen's ghost (13)]
 11300 | D:11     | Slain by Thronen's ghost
 11301 | D:11     | Reached XP level 9. HP: -1/45 MP: 10/10
 11314 | D:11     | Killed Thronen's ghost
 11356 | D:11     | Reached skill level 10 in Unarmed Combat
 11374 | D:11     | Reached skill level 5 in Dodging
 11374 | D:11     | Reached XP level 10. HP: 49/49 MP: 11/11
 11459 | D:11     | Noticed Monkaria's ghost (experienced FeBe)
 11573 | D:11     | Killed Monkaria's ghost
 11770 | D:11     | Noticed an unseen horror
 11922 | D:11     | Killed an unseen horror
 11973 | D:10     | Entered Level 10 of the Dungeon
 12057 | D:10     | Noticed demonpo's ghost (experienced MiGl)
 12321 | D:9      | Found a basalt altar of Yredelemnul.
 12361 | D:9      | Found a sparkling altar of Nemelex Xobeh.
 12461 | D:10     | Noticed Josephine
 12623 | D:9      | Killed Josephine
 12748 | D:10     | Reached skill level 10 in Dodging
 12899 | D:10     | Reached XP level 11. HP: 53/53 MP: 10/12
 13902 | D:11     | Noticed an unseen horror
 13919 | D:11     | Killed an unseen horror
 14260 | D:12     | Reached skill level 1 in Evocations
 14831 | D:13     | Noticed a seven-headed hydra
 14915 | D:13     | Reached skill level 5 in Evocations
 14921 | D:13     | Gained mutation: Your mind is acute. (Int +2) [mutagenic meat]
 14922 | D:13     | Lost mutation: You are resistant to hostile enchantments. [mutagenic meat]
 14940 | D:13     | Killed a seven-headed hydra
 15050 | D:13     | Noticed a centaur warrior
 15064 | D:13     | Killed a centaur warrior
 15126 | D:13     | Noticed an unseen horror
 15138 | D:13     | Gained mutation: Your thick and shaggy fur keeps you warm (AC +3, rC+). [Felid growth]
 15138 | D:13     | Reached XP level 12. HP: 51/57 MP: 15/18
 15469 | D:13     | Lost intelligence.
 15752 | D:13     | Lost mutation: You are weak. (Str -2) [mutagenic meat]
 15753 | D:13     | Gained mutation: You possess an exceptional clarity of mind. [mutagenic meat]
 16736 | D:10     | Killed demonpo's ghost
 16815 | Lair:1   | Entered Level 1 of the Lair of Beasts
 16829 | Lair:1   | Gained mutation: You are robust (+10% HP). [potion of mutation]
 16829 | Lair:1   | Lost mutation: Your mind is acute. (Int +2) [potion of mutation]
 16829 | Lair:1   | Lost mutation: Your spells are a little harder to cast, but a little more powerful. [potion of mutation]
 18227 | Lair:2   | Reached skill level 15 in Dodging
 18909 | Lair:3   | Found a hole to the Spider Nest.
 18956 | Lair:3   | Noticed an eight-headed hydra
 18966 | Lair:3   | Killed an eight-headed hydra
 18966 | Lair:3   | Reached skill level 10 in Fighting
 18966 | Lair:3   | Reached XP level 13. HP: 60/67 MP: 20/20
 19648 | Lair:3   | Found a staircase to the Swamp.
 22489 | Lair:6   | HP: 4/103 [fire crab] (12)]
 22489 | Lair:6   | Slain by a fire crab
 22490 | Lair:6   | Reached XP level 12. HP: 0/99 MP: 0/19
 22516 | Lair:6   | Slain by a five-headed hydra

Vault maps used:
D:1:      roderic_crop_circles_arrival_small, hex_tiny, grunt_decor_arrowhead
D:2:      uniq_jessica, uniq_sigmund
D:3:      kiku_gazebo_pond_becter, old_standard_altar, uniq_iyjb,
          uniq_crazy_yiuf_cottage, uniq_grinder, uniq_terence
D:4:      lemuel_doored_altar, grunt_qazlal_sundering
D:5:      black_bear_nest_1, vehumet_statue, okawaru_trees_2,
          nicolae_gozag_seed_capital, first_bread, serial_shops, shop, shop,
          grunt_decor_cap
D:6:      lemuel_round_altar, minmay_temple_entry_fiery, lemuel_oklob_altar,
          uniq_prince_ribbit1
D:7:      overflow_temple_1_default, serial_shops, shop,
          nicolae_shop_window_shopping, shop
D:8:      boulder_corridor_run, lair_0_dummy, serial_shops, shop
D:9:      nemelex_xobeh_ov_fountains_minmay, lemuel_round_altar
D:10:     uniq_josephine
D:11:     orc_0_dummy, lab_entry_generic, serial_shops,
          nicolae_shop_competitors_out_of_business, hangedman_tell_no_tales,
          minmay_misc_feat_hallway
D:12:     special_room
D:13:     st_stairs_12, lightli_minifort
Temple:   circular_temple_pool_8
Lair:1:   cheibrodos_lair_caveside_slide, serial_bayou_shore_b
Lair:3:   minmay_swamp_entry_worms, spider_nest_entry_web_field,
          beast_lair_carwin_5
Lair:4:   minmay_holes
Lair:5:   st_stairs_5, grunt_megastairs_3, serial_bayou_shore_b
Lab:      labyrinth_skeletal_remains, nicolae_lab_arrow

Action                   |  1- 3 |  4- 6 |  7- 9 | 10-12 | 13-15 || total
-------------------------+-------+-------+-------+-------+-------++-------
Melee: Unarmed           |    64 |    55 |   422 |   807 |   275 ||  1623
Invok: Berserk           |     2 |     3 |    19 |    41 |    11 ||    76
       Trog's Hand       |     1 |     2 |     7 |    25 |     4 ||    39
       Brothers in Arms  |       |       |       |     5 |       ||     5
       Burn Spellbooks   |       |       |       |     1 |       ||     1
Evoke: Wand              |       |       |     3 |    10 |       ||    13
       Lamp of fire      |       |       |       |     1 |       ||     1
  Use: Scroll            |       |       |     7 |    18 |       ||    25
       Potion            |       |       |     1 |     1 |       ||     2
 Stab: Sleeping          |     2 |     4 |    56 |    40 |    18 ||   120
       Distracted        |       |       |    10 |    11 |     3 ||    24
  Eat: Chunk             |     4 |    11 |    45 |    80 |    17 ||   157
